 Dungeon Crawl Stone Soup version 0.31-a0-1091-g283494c966 (webtiles) character file.

Game seed: 7274932049572311910

226 Flugslaktarn the Trooper (level 5, 0/48 HPs)
             Began as a Minotaur Fighter on Nov 28, 2023.
             Slain by an orc
             ... wielding a +0 trident
              (3 damage)
             ... on level 3 of the Dungeon.
             The game lasted 00:00:48 (1593 turns).

Flugslaktarn the Trooper (Minotaur Fighter)         Turns: 1593, Time: 00:00:49

Health: 0/48       AC:  7    Str: 23    XL:     5   Next: 69%
Magic:  4/4        EV:  9    Int:  5    God:
Gold:   74         SH:  4    Dex:  9    Spells: 4/4 levels left

rFire   . . .        a - +0 war axe
rCold   . . .        c - +0 buckler
rNeg    . . .        b - +0 scale mail
rPois   .            (helmet restricted)
rElec   .            (no cloak)
rCorr   .            (no gloves)
SInv    .            (no boots)
Will    .....        (no amulet) Stlth
                     (no ring)
HPRegen 0.28/turn    (no ring)
MPRegen 0.09/turn

%: no passive effects
@: brilliant
A: horns 2, retaliatory headbutt
a: no special abilities


You were on level 3 of the Dungeon.
You visited 1 branch of the dungeon, and saw 3 of its levels.

You collected 74 gold pieces.

Inventory:

Hand Weapons
 a - a +0 war axe (weapon)
Armour
 b - a +0 scale mail (worn)
 c - a +0 buckler (worn)
Scrolls
 e - a scroll of brand weapon {unknown}
 h - a scroll of amnesia {unknown}
Potions
 d - 2 potions of might
 g - a potion of curing {unknown}
 i - a potion of berserk rage {unknown}


   Skills:
 * Level 5.3 Fighting
 * Level 4.6 Axes
 + Level 4.5 Armour
 + Level 4.5 Shields


You had 4 spell levels left.
You didn't know any spells.
Your spell library was empty.

Dungeon Overview and Level Annotations

Branches:
Dungeon (3/15)

Altars:
Elyvilon
Hepliaklqana
Uskayaw
Xom
The Shining One


Innate Abilities, Weirdness & Mutations

You have a pair of horns on your head.
You reflexively headbutt those who attack you in melee.


Message History

The orc shouts!
An orc and a frilled lizard come into view.
The orc shouts!
An orc wizard comes into view. It is wielding a +0 dagger.
Terence the Incautious comes into view.
He is wielding a +0 mace.
The frilled lizard moves out of view.
The orc wizard hits you but does no damage.
You hit the orc wizard.
The orc wizard is lightly wounded.
You block the orc's attack.
The orc hits you from afar with a +0 trident.
The orc wizard casts a spell.
The orc wizard flickers and vanishes!
Deactivating autopickup; reactivate with Ctrl-A.
You slash the orc wizard!
The orc wizard is severely wounded.
You closely miss the orc. You block the orc's attack.
The orc wizard casts a spell at you. The magic dart hits you.
The orc wizard mumbles some strange words.
The orc wizard flickers and vanishes!
The orc hits you but does no damage. Terence looks scornfully at you.
You barely miss the orc wizard. You headbutt the orc wizard.
You kill the orc wizard!
You closely miss the orc. You completely miss something.
The orc hits you with a +0 short sword. Something hits you but does no damage.
The orc hits you but does no damage.
Your Fighting skill increases to level 5!
You hit the orc but do no damage. You closely miss something.
You slash the frilled lizard!
You kill the frilled lizard!
The orc closely misses you.
You hear some strange, mumbled words.
Something tries to affect you, but you resist.
You block the orc's attack. x2; The orc hits you with a +0 short sword.
Something hits you. Something hits you but does no damage.
You slash the orc!
You kill the orc!
You miss something. x2; The orc barely misses you.
Something hits you but does no damage.
You hit Terence.
Terence is lightly wounded.
You slash something! You hit something. The orc barely misses you.
Terence hits you with a +0 mace. Something hits you but does no damage.
Something hits you.
You slash Terence!
Terence is heavily wounded.
You miss something. You hit something. You block the orc's attack.
You block Terence's attack.
Something hits you but does no damage. x2
The orc closely misses you. Something hits you but does no damage.
Terence hits you with a +0 mace.
You hit Terence. You headbutt Terence, but do no damage.
Terence is severely wounded.
You barely miss something. x2; You block the orc's attack.
Terence misses you. You furiously retaliate!
You headbutt Terence. You block something's attack.
You hear some strange, mumbled words.
Something tries to affect you, but you resist.
You closely miss Terence.
Terence is almost dead.
You closely miss something. You miss something. You block the orc's attack.
Terence hits you but does no damage. Something hits you.
Something completely misses you.
You hit Terence.
You kill Terence!
You miss something. x2; Something hits you but does no damage.
The orc misses you. Something hits you but does no damage.
You barely miss something. Your headbutt misses something.
You closely miss something. The orc hits you but does no damage.
You hear some strange, mumbled words.
A puff of flame appears from out of thin air!
The puff of flame hits you! Something hits you.
* * * LOW HITPOINT WARNING * * *
Something hits you but does no damage. You block the orc's attack.
You are too injured to fight recklessly!
You are too injured to fight recklessly!
You are too injured to fight recklessly!
You are too injured to fight recklessly!
You are too injured to fight recklessly!
You are too injured to fight recklessly!
Unknown command.
You miss something. Your headbutt misses something.
The orc hits you from afar with a +0 trident.
* * * LOW HITPOINT WARNING * * *
Something hits you but does no damage.
You barely miss something. You headbutt something.
Reactivating autopickup.
You feel a bit more experienced.
The orc hits you from afar with a +0 trident.
* * * LOW HITPOINT WARNING * * *
You hear some strange, mumbled words.
A puff of flame appears from out of thin air!
Deactivating autopickup; reactivate with Ctrl-A.
The puff of flame hits you.
* * * LOW HITPOINT WARNING * * *
Unknown command.
Okay, then.
It was a potion of brilliance.
You feel clever all of a sudden.
The orc hits you from afar with a +0 trident.
You die...

..##.### ####...####
##.#.(##..# #######
.#.####...# .......
..........# .......
..........# ######.......
..........# #..?.........
..........###.####.......
..#..#...#......@){......
..............####o......
..........#..## .......
...........#.# ##.##..
...........#.# ... .
...........#.. .##
#..........##.. .
##.!.#...... ... ..
##...#.......


You could see an orc.

Vanquished Creatures
  2 jellies (D:2)
  Terence (D:3)
  2 orc wizards (D:3)
  A worm (D:3)
  A dart slug (D:1)
  7 orcs
  7 ball pythons
  2 bats (D:1)
  13 endoplasms
  3 giant cockroaches (D:1)
  7 goblins
  4 hobgoblins
  2 jackals (D:1)
  2 quokkas
  A frilled lizard (D:3)
  9 kobolds
  23 rats
87 creatures vanquished.

Notes
Turn   | Place    | Note
-------+----------+-------------------------------------------
     0 | D:1      | Flugslaktarn the Minotaur Fighter began the quest for the
                  | Orb.
     0 | D:1      | Reached XP level 1. HP: 19/19 MP: 0/0
   189 | D:1      | Reached XP level 2. HP: 27/27 MP: 1/1
   204 | D:1      | Reached skill level 4 in Fighting
   464 | D:1      | Reached XP level 3. HP: 33/33 MP: 2/2
  1178 | D:2      | Found a hide-covered altar of Uskayaw.
  1178 | D:2      | Found a hazy altar of Hepliaklqana.
  1178 | D:2      | Found a shimmering altar of Xom.
  1178 | D:2      | Found a hazy altar of Hepliaklqana.
  1178 | D:2      | Found a white marble altar of Elyvilon.
  1178 | D:2      | Found a glowing golden altar of the Shining One.
  1183 | D:2      | Reached XP level 4. HP: 32/41 MP: 3/3
  1512 | D:3      | Reached XP level 5. HP: 47/47 MP: 4/4
  1577 | D:3      | Noticed Terence
  1582 | D:3      | Reached skill level 5 in Fighting
  1588 | D:3      | Killed Terence
  1592 | D:3      | HP: 2/48 [something/puff of flame (4)]
  1593 | D:3      | Slain by an orc

Illustrated notes

Levels and vault maps discovered:
D:1:      wander_arrival_fairy_ring, layout_basic, serial_curves,
          eino_curves_01, eino_curves_02
D:2:      cheibrodos_fertilizer, layout_loops_ring
D:3:      layout_rooms, minmay_rat_hole, uniq_terence

Skill      XL: |  1  2  3  4  5 |
---------------+----------------+-----
Fighting       | 4 5 |  5.3
Axes           | 3 4 |  4.6
Shields        | 4 |  4.5
Armour         | 4 |  4.5

Action                     |  1- 3 |  4- 6 || total
---------------------------+-------+-------++-------
  Melee: War axe           |    70 |    60 ||   130
         Headbutt          |     7 |    12 ||    19
    Use: Potion            |       |     1 ||     1
 Armour: Scale mail        |    49 |    47 ||    96
  Dodge: Dodged            |    23 |    27 ||    50
  Block: Buckler           |    12 |    18 ||    30

Table legend: (Time is in decaauts)
 A = Elapsed time spent in this place.
 B = Non-inter-level travel time spent in this place.
 C = Inter-level travel time spent in this place.
 D = Time resting spent in this place.
 E = Time spent auto-exploring this place.
 F = Levels seen in this place.
 G = Mean time per level.
                   A        B        C        D        E       F      G
               +--------+--------+--------+--------+--------+-----+--------+
         Total |   1638 |   1618 |     20 |      0 |   1299 |   3 |  546.0 |
       Dungeon |   1638 |   1618 |     20 |      0 |   1299 |   3 |  546.0 |
               +--------+--------+--------+--------+--------+-----+--------+

Top non-repeatable levels by time:
     D:2: 817 daAuts
     D:1: 671 daAuts
     D:3: 149 daAuts
